 Dungeon Crawl Stone Soup version 0.29-a0-284-gf9362112df (webtiles) character file.

Game seed: 4028738241558071090

24 spaghetti the Slasher (level 2, 27/27 HPs)
             Began as a Deep Dwarf Berserker on Mar 31, 2022.
             Was a Follower of Trog.
             Quit the game on level 1 of the Dungeon.
             The game lasted 00:01:22 (575 turns).

spaghetti the Slasher (Deep Dwarf Berserker)         Turns: 575, Time: 00:01:23

Health: 27/27      AC:  2    Str: 20    XL:     2   Next: 79%
Magic:  1/1        EV: 12    Int:  7    God:    Trog [*.....]
Gold:   47         SH:  0    Dex: 12    Spells: 1/1 levels left

rFire   . . .      SeeInvis .   a - +0 falchion {long}
rCold   . . .      Faith    .   (no shield)
rNeg    . . .      Spirit   .   b - +0 animal skin
rPois   .          Reflect  .   (no helmet)
rElec   .          Harm     .   (no cloak)
rCorr   .          Rampage  .   (no gloves)
Will    .....                   (no boots)
Stlth   +.........              (no amulet)
HPRegen 0.00/turn               (no ring)
MPRegen 0.07/turn               (no ring)

@: no status effects
A: damage resistance, heal wounds, sense surroundings 1, no regeneration
a: Heal Wounds, Renounce Religion, Berserk


You were on level 1 of the Dungeon.
You worshipped Trog.
Trog was aware of your devotion.
You visited 1 branch of the dungeon, and saw 1 of its levels.

You collected 47 gold pieces.


Innate Abilities, Weirdness & Mutations

You are resistant to damage.
You can heal yourself by infusing magical energy.
You passively map a small area around you.
You do not regenerate.


   Skills:
 - Level 2.6 Fighting
 + Level 3.3 Long Blades
 - Level 2.1 Armour
 * Level 3.3 Dodging


You had one spell level left.
You didn't know any spells.
Your spell library was empty.

Inventory:

Hand Weapons
 a - a +0 falchion (weapon) {long}
Missiles
 d - 2 stones {throwing}
Armour
 b - a +0 animal skin (worn)
Magical Staves
 c - a staff of poison {forbidden!astaff}
   (You found it on level 1 of the Dungeon)

Dungeon Overview and Level Annotations

Branches:
Dungeon (1/15)

Altars:

.###
##.....##.#####.#.# †#
##...###.###.....# .#
##+## #.......### .# #
* #####.### #### ###.
#.# ...# #...#* #.#
##.# #.#...# #.#
##.#####.......######.#
......>........†@.....#
##.#####...#.#.########
##.# * #.#* ...# ,..#*
#### *###*


There were no monsters in sight!


Message History

You feel yourself speed up.
You float gracefully downwards.
You recover from your berserk rage.
Done waiting.
You aren't carrying any potions.
Found a stone staircase leading down.
Things that are here:
a jackal corpse; a jackal corpse Key pressed, stopping explore.
Key pressed, stopping explore.
An endoplasm comes into view.
The endoplasm quivers.
A goblin comes into view. It is wielding a +0 dagger.
The goblin shouts!
The goblin moves out of view.
You hit the endoplasm. The endoplasm closely misses you.
You slash the endoplasm!
You kill the endoplasm!
Trog accepts your kill. The goblin hits you with a +0 dagger.
You slash the goblin!
You kill the goblin!
Trog accepts your kill.
You see here a +0 dagger {short}.
You now have 29 gold pieces (gained 12).
A rat comes into view.
A rat is nearby!
You are too injured to fight recklessly!
You are too injured to fight recklessly!
You are too injured to fight recklessly!
You are too injured to fight recklessly!
You are too injured to fight recklessly!
You are too injured to fight recklessly!
You are too injured to fight recklessly!
The rat closely misses you.
You hit the rat.
You kill the rat!
Trog accepts your kill.
You see here a rat corpse.
A kobold comes into view. It is wielding a +0 dagger.
A kobold is nearby!
The helpless kobold fails to defend itself.
You hit the kobold but do no damage. The kobold hits you with a +0 dagger.
You barely miss the kobold. The kobold misses you.
You hit the kobold. The kobold closely misses you.
You closely miss the kobold. The kobold hits you with a +0 dagger.
You hit the kobold but do no damage. The kobold hits you with a +0 dagger.
You miss the kobold. The kobold hits you but does no damage.
The kobold hits you with a +0 dagger.
You hit the kobold.
You kill the kobold!
Trog accepts your kill.
You now have 47 gold pieces (gained 18).
A quokka comes into view.
A quokka is nearby!
A ball python comes into view.
The ball python hisses angrily.
The ball python moves out of view.
You barely miss the quokka.
The ball python bites you but does no damage.
The ball python closely misses you. The quokka bites you.
You closely miss the quokka. The ball python bites you.
The ball python barely misses you. The quokka misses you.
The ball python closely misses you. The ball python grabs you.
The ball python constricts you.
You escape the ball python's grasp.
The quokka bites you.
* * * LOW HITPOINT WARNING * * *
😨 HP[-2]
You take 2 damage, and now have 12/27 hp.
You closely miss the quokka. The quokka barely misses you.
You barely miss the quokka.
The quokka twitches its whiskers.
The quokka barely misses you.
You barely miss the quokka. The quokka bites you.
* * * LOW HITPOINT WARNING * * *
The quokka bites you but does no damage. 😨 HP[-2]
You take 2 damage, and now have 10/27 hp.
You barely miss the quokka. The quokka misses you.
You hit the quokka but do no damage. The quokka bites you.
* * * LOW HITPOINT WARNING * * *
😨 HP[-1]
You take 1 damage, and now have 9/27 hp.
You hit the quokka but do no damage. The quokka closely misses you. x2
You hit the quokka.
You kill the quokka!
Trog accepts your kill. The ball python closely misses you.
The ball python misses you.
You hit the ball python. The ball python bites you. The ball python grabs you.
The ball python constricts you.
You hit the ball python.
You kill the ball python!
Trog accepts your kill.
Your magical essence is drained by the effort!
You feel much better. 😎 HP[+18] MP[-1]
Your hp is fully restored (27).
Are you sure you want to abandon this character and quit the game? (Confirm with "yes".)

Skill      XL: |  1  2 |
---------------+-------+-----
Dodging        | 3 |  3.3
Fighting       | |  2.6
Long Blades    | |  3.3
Armour         | |  2.1

Action                   || total
-------------------------++-------
Melee: Falchion          ||    67
Invok: Berserk           ||     1
 Abil: Heal Wounds       ||     1
  Use: Potion            ||     2
 Stab: Sleeping          ||     2
Armor: Animal skin       ||    18
Dodge: Dodged            ||    54

Levels and vault maps discovered:
D:1:      onia_arrival_handbag, layout_loops_corners, palyth_stone_intersect

Notes
Turn   | Place    | Note
-------+----------+-------------------------------------------
     0 | D:1      | spaghetti the Deep Dwarf Berserker began the quest for the
                  | Orb.
     0 | D:1      | Reached XP level 1. HP: 20/20 MP: 1/1
     0 | D:1      | magus.rc [v1.9.6]
   237 | D:1      | Reached XP level 2. HP: 21/27 MP: 2/2
   282 | D:1      | Reached skill level 3 in Dodging
   575 | D:1      | Quit the game

Vanquished Creatures
  A ball python (D:1)
  2 bats (D:1)
  4 endoplasms (D:1)
  A goblin (D:1)
  4 jackals (D:1)
  3 quokkas (D:1)
  2 kobolds (D:1)
  4 rats (D:1)
21 creatures vanquished.

Table legend:
 A = Non-vault XP
 B = Vault XP
 C = Vault XP percentage of total XP
 D = Non-vault monster count
 E = Vault monster count
 F = Vault count percentage of total count
                 A         B        C        D         E       F
            +---------+---------+-------+---------+---------+-------
      Total |      31 |       4 |  11.4 |      18 |       3 |  14.3
            +---------+---------+-------+---------+---------+-------
        D:1 |      31 |       4 |  11.4 |      18 |       3 |  14.3
            +---------+---------+-------+---------+---------+-------

Illustrated notes

Table legend:
 A = Kills in this place as a percentage of kills in entire the game.
 B = Kills by you in this place as a percentage of kills by you in the entire game.
 C = Kills by friends in this place as a percentage of kills by friends in the entire game.
 D = Other kills in this place as a percentage of other kills in the entire game.
 E = Experience gained in this place as a percentage of experience gained in the entire game.
 F = Experience gained in this place divided by the number of levels of this place that you have seen.
                   A       B       C       D       E      F
               +-------+-------+-------+-------+-------+----------------------
         Total | 100.0 | 100.0 |   N/A |   N/A | 100.0 |  35.0
       Dungeon | 100.0 | 100.0 |   N/A |   N/A | 100.0 |  35.0
               +-------+-------+-------+-------+-------+----------------------

Table legend: (Time is in decaauts)
 A = Elapsed time spent in this place.
 B = Non-inter-level travel time spent in this place.
 C = Inter-level travel time spent in this place.
 D = Time resting spent in this place.
 E = Time spent auto-exploring this place.
 F = Levels seen in this place.
 G = Mean time per level.
                   A        B        C        D        E       F      G
               +--------+--------+--------+--------+--------+-----+--------+
         Total |    594 |    594 |      0 |    110 |    325 |   1 |  594.0 |
       Dungeon |    594 |    594 |      0 |    110 |    325 |   1 |  594.0 |
               +--------+--------+--------+--------+--------+-----+--------+

Top non-repeatable levels by time:
     D:1: 594 daAuts
